 Dungeon Crawl Stone Soup version 0.20.1-1-g8b1a95d (webtiles) character file.

21621 kae the Whirler (level 13, -3/90 HPs)
             Began as a Halfling Hunter on Sept 14, 2017.
             Was a High Priest of Okawaru.
             Slain by a catoblepas (34 damage)
             ... on level 3 of the Lair of Beasts.
             The game lasted 00:18:59 (15617 turns).

kae the Whirler (Halfling Hunter)                  Turns: 15617, Time: 00:19:01

Health: -3/90      AC:  4    Str: 15    XL:     13   Next: 21%
Magic:  17/19      EV: 29    Int:  9    God:    Okawaru [*****.]
Gold:   656        SH:  0    Dex: 20    Spells: 12/12 levels left

rFire    . . .     SeeInvis +   a - +4 hunting sling (velocity)
rCold    . . .     Gourm    .   (shield restricted)
rNeg     . . .     Faith    .   c - +1 leather armour
rPois    .         Spirit   .   (no helmet)
rElec    .         Reflect  .   (no cloak)
rCorr    .         Harm     +   (no gloves)
MR       +....                  (no boots)
Stlth    +++.......             x - amulet of harm
Regen    0.3/turn               i - ring of protection from magic
MPRegen  0.2/turn               u - ring of see invisible

@: heroism
A: blurry vision 1, mutation resistance 1, strong 1
a: Heroism, Finesse, Renounce Religion


You were on level 3 of the Lair of Beasts.
You worshipped Okawaru.
Okawaru was extremely pleased with you.
You were hungry.

You visited 2 branches of the dungeon, and saw 12 of its levels.
You also visited: Ossuary.

You collected 704 gold pieces.
You spent 48 gold pieces at shops.

Inventory:

Hand Weapons
 a - a +4 hunting sling of velocity (weapon)
 b - a +0 short sword
Missiles
 d - 104 sling bullets
 g - 257 stones (quivered)
 v - 7 curare-tipped needles
Armour
 c - a +1 leather armour (worn)
Jewellery
 i - a ring of protection from magic (left hand)
 u - a ring of see invisible (right hand)
 x - an amulet of harm (around neck)
Wands
 l - a wand of disintegration (18/24)
 q - a wand of polymorph (9/24)
 r - a wand of paralysis (7/24)
 y - a wand of random effects (23/48)
 H - a wand of confusion (24/48)
 J - a wand of flame (10/48)
Scrolls
 e - 3 scrolls of identify
 n - 2 scrolls of amnesia
 t - 7 scrolls of teleportation
 w - 8 scrolls of remove curse
 G - 2 scrolls of magic mapping
 K - a scroll of enchant weapon
Potions
 h - a potion of haste
 j - 6 potions of curing
 o - 2 potions of brilliance
 p - 3 potions of degeneration
 z - 2 potions of cancellation
 A - 4 potions of heal wounds
 B - 2 potions of flight
 C - a potion of berserk rage
 D - a potion of might
Books
 m - a book of Cantrips

   Spells                             Type                      Level
   a - Confusing Touch                Hexes                        1
   b - Animate Skeleton               Necromancy                   1
   c - Summon Small Mammal            Summoning                    1
   d - Apportation                    Translocation                1
 F - a book of Alchemy

   Spells                             Type                      Level
   a - Sublimation of Blood           Necromancy                   2
   b - Ignite Poison                  Fire/Transmutation/Poison    3
   c - Petrify                        Transmutation/Earth          4
   d - Alistair's Intoxication        Transmutation/Poison         5
   e - Irradiate                      Conjuration/Transmutation    5
Comestibles
 f - 6 bread rations
 k - 12 fruits
 s - 2 meat rations
 E - 2 royal jellies


   Skills:
 + Level 9.4(14.4) Fighting
 * Level 18.7(23.7) Slings
 + Level 11.1(16.1) Dodging
 - Level 1.1(6.1) Stealth
 + Level 8.4 Invocations


You had 12 spell levels left.
You didn't know any spells.

Dungeon Overview and Level Annotations

Branches:
Dungeon (9/15)             Temple (0/1) D:7            Lair (3/6) D:9
  Swamp (0/4) Lair:2          Orc (0/2) D:9
  Snake: Lair:2-4    Spider: Lair:2-4

Altars:
Cheibriados
Fedhas
Kikubaaqudgha
Makhleb
Nemelex Xobeh
Okawaru
Qazlal
Sif Muna

Shops:
D:6 ?

Annotations:
Lair:3 exclusion: 2 oklob plants


Innate Abilities, Weirdness & Mutations

You are small and have problems with some larger weapons.
You are somewhat resistant to further mutation.
Scrolls take you a little longer to read.
Your muscles are strong. (Str +2)


Message History

The catoblepas breathes a plume of calcifying dust at you.
The blast of calcifying dust hits you!
Firing (i - inventory. (,) - cycle):
g - 259 stones (quivered)
Press: ? - help, Shift-Dir - straight line, f/p - catoblepas
Aim: a catoblepas (calcifying dust, heavily wounded)
Okay, then.
Firing (i - inventory. (,) - cycle):
g - 259 stones (quivered)
Press: ? - help, Shift-Dir - straight line, f/p - catoblepas
Aim: a catoblepas (calcifying dust, heavily wounded)
You shoot a stone.
The stone hits the catoblepas but does no damage.
The catoblepas is heavily wounded.
Firing (i - inventory. (,) - cycle):
g - 258 stones (quivered)
Press: ? - help, Shift-Dir - straight line, f/p - catoblepas
Aim: a catoblepas (calcifying dust, heavily wounded)
You shoot a stone.
The stone hits the catoblepas but does no damage.
The catoblepas is heavily wounded.
The catoblepas gores you!!
You die...

##P#........# #.. #####......#
##.. ####....## ######... #
#.#..#...###.#.#....
##P###...........#.....##
#...............##...####
#P.....(..§....#.=.....## ##
..P....(...Y§....##....#####
.#
.......(...@§...###......##.
.#
#........(.....§..P#..........
.#
#.........(.....§..##..####...
.## #........(.....<§##...#
##.# ..#
#........(.......§#..## ###
..## #................#..#
...# #..............##..##
...###.....>......####.##
....###........#..P##..# ##


You could see a catoblepas.

Vanquished Creatures
  Erica (D:9)
  A catoblepas (Lair:3)
  2 hydras
  3 death yaks (D:9)
  Sonja (Lair:1)
  2 torpor snails
  Joseph (D:7)
  6 spiny frogs
  A rime drake (Lair:3)
  A komodo dragon (Lair:1)
  2 hippogriffs
  8 blink frogs
  35 yaks
  A wraith (D:8)
  2 basilisks (Lair:1)
  2 vampire mosquitoes (Lair:2)
  3 water moccasins
  10 porcupines
  An orc warrior (D:6)
  3 sky beasts (D:5)
  2 black bears
  3 ice beasts
  4 ogres
  A centaur (D:6)
  A necrophage (D:8)
  7 wolves
  6 crocodiles
  A big kobold (D:7)
  4 bullfrogs
  A gnoll sergeant (D:7)
  2 scorpions
  A howler monkey (D:9)
  6 wights
  2 bullfrog zombies (D:6)
  4 crimson imps
  A quasit (D:6)
  6 hounds
  A jelly (D:5)
  5 orc priests
  4 human zombies (D:8)
  6 orc wizards
  A bullfrog skeleton (D:3)
  A human skeleton (D:8)
  3 iguanas (D:6)
  3 worker ants
  A hell rat (D:9)
  An ogre zombie (D:8)
  A hound zombie (D:8)
  A hound skeleton (D:5)
  5 mummies
  16 adders
  8 gnolls
  A river rat (D:4)
  3 adder zombies (Ossuary)
  2 adder skeletons
  5 worms
  3 dart slugs
  9 leopard geckos
  28 orcs
  5 giant cockroaches
  7 goblins
  7 hobgoblins
  18 jackals
  A quokka (D:2)
  3 ball pythons
  6 bats
  A frilled lizard (D:3)
  A gnoll zombie (Ossuary)
  2 goblin zombies (Ossuary)
  3 hobgoblin zombies (Ossuary)
  2 jackal skeletons
  8 kobolds
  5 kobold zombies (Ossuary)
  An orc zombie (D:8)
  A quokka skeleton (D:4)
  A quokka zombie (Ossuary)
  12 rats
  3 rat zombies (Ossuary)
  A plant (Lair:2)
334 creatures vanquished.

Vanquished Creatures (others)
  9 fungi (Lair:2)
  2 plants (Lair:2)
11 creatures vanquished.

Grand Total: 345 creatures vanquished

Notes
Turn   | Place    | Note
-------+----------+-------------------------------------------
     0 | D:1      | kae the Halfling Hunter began the quest for the Orb.
     0 | D:1      | Reached XP level 1. HP: 14/14 MP: 1/1
    33 | D:1      | Reached skill level 6 in Slings
   153 | D:1      | Reached XP level 2. HP: 16/19 MP: 2/2
   938 | D:1      | Reached XP level 3. HP: 13/24 MP: 3/3
  2101 | D:2      | Reached XP level 4. HP: 29/29 MP: 4/4
  2116 | D:2      | Reached skill level 7 in Slings
  2135 | D:2      | Found a faded altar of an unknown god.
  2530 | D:3      | Reached XP level 5. HP: 35/35 MP: 5/5
  2651 | D:3      | Found a sparkling altar of Nemelex Xobeh.
  2665 | D:3      | Found a burning altar of Makhleb.
  3129 | D:3      | Found a stormy altar of Qazlal.
  3160 | D:3      | Found a deep blue altar of Sif Muna.
  3307 | D:4      | Reached skill level 8 in Slings
  3560 | D:4      | Reached XP level 6. HP: 41/41 MP: 6/6
  3792 | D:4      | Found a glowing drain.
  4149 | D:5      | Entered Level 5 of the Dungeon
  4364 | D:5      | Reached skill level 9 in Slings
  4423 | D:5      | Reached XP level 7. HP: 46/46 MP: 7/7
  4996 | D:5      | Reached skill level 10 in Slings
  5317 | D:5      | Reached XP level 8. HP: 45/54 MP: 8/8
  5377 | D:5      | Found a blossoming altar of Fedhas.
  5499 | D:5      | Reached skill level 5 in Dodging
  5554 | D:6      | Gained mutation: Scrolls take you a little longer to read. [potion of mutation]
  5554 | D:6      | Gained mutation: Your muscles are strong. (Str +2) [potion of mutation]
  5573 | D:6      | HP: 2/54 [orc warrior/flail (21)]
  5574 | D:6      | Reached skill level 11 in Slings
  5889 | D:6      | Found Imosuk's Magic Scroll Shoppe.
  5895 | D:6      | Bought a scroll of identify for 24 gold pieces
  5895 | D:6      | Bought a scroll of identify for 24 gold pieces
  6074 | D:6      | Found a sand-covered staircase.
  6088 | Ossuary  | Entered an ossuary
  6372 | D:6      | Reached skill level 5 in Fighting
  6372 | D:6      | Reached XP level 9. HP: 61/61 MP: 9/9
  6375 | D:6      | Reached skill level 12 in Slings
  7380 | D:7      | Found an iron altar of Okawaru.
  7395 | D:7      | Reached skill level 13 in Slings
  7406 | D:7      | Became a worshipper of Warmaster Okawaru
  7485 | D:7      | Found a staircase to the Ecumenical Temple.
  7674 | D:7      | Noticed a hippogriff
  7690 | D:7      | Killed a hippogriff
  7851 | D:7      | Reached skill level 1 in Invocations
  8080 | D:7      | Noticed Joseph
  8092 | D:7      | Killed Joseph
  8092 | D:7      | Reached * piety under Okawaru
  8092 | D:7      | Reached XP level 10. HP: 66/68 MP: 9/11
  8515 | D:8      | Reached skill level 14 in Slings
  8587 | D:8      | Found a snail-covered altar of Cheibriados.
  8979 | D:8      | Found an ancient bone altar of Kikubaaqudgha.
  9402 | D:9      | Noticed a death yak
  9405 | D:9      | Noticed a death yak
  9421 | D:9      | Noticed a death yak
  9432 | D:9      | Killed a death yak
  9432 | D:9      | Reached ** piety under Okawaru
  9462 | D:9      | Killed a death yak
  9462 | D:9      | Reached skill level 15 in Slings
  9792 | D:9      | Found a staircase to the Orcish Mines.
  9792 | D:9      | Noticed Erica
  9813 | D:9      | Killed Erica
  9813 | D:9      | Reached XP level 11. HP: 46/75 MP: 12/14
 10037 | D:9      | Found a staircase to the Lair.
 10050 | D:9      | Killed a death yak
 10050 | D:9      | Reached *** piety under Okawaru
 10050 | D:9      | Reached skill level 5 in Invocations
 10658 | D:9      | Reached skill level 16 in Slings
 11151 | Lair:1   | Entered Level 1 of the Lair of Beasts
 11225 | Lair:1   | Noticed Sonja
 11229 | Lair:1   | Killed Sonja
 11229 | Lair:1   | Received a gift from Okawaru
 11229 | Lair:1   | Reached **** piety under Okawaru
 11229 | Lair:1   | Received a gift from Okawaru
 11432 | Lair:1   | Received a gift from Okawaru
 11600 | Lair:1   | Reached XP level 12. HP: 38/82 MP: 13/16
 11617 | Lair:1   | Reached skill level 17 in Slings
 11983 | Lair:1   | Reached ***** piety under Okawaru
 12002 | Lair:1   | Reached skill level 10 in Dodging
 13183 | Lair:2   | Found a frozen archway.
 13185 | Lair:2   | Noticed an eight-headed hydra
 13200 | Lair:2   | Killed an eight-headed hydra
 13392 | Lair:2   | Received a gift from Okawaru
 13418 | Lair:2   | Found a staircase to the Swamp.
 13845 | Lair:2   | Reached skill level 18 in Slings
 14250 | Lair:3   | Noticed a catoblepas
 14272 | Lair:3   | Killed a catoblepas
 14446 | Lair:3   | HP: 2/85 [yak[a torpor snail] (10)]
 14940 | Lair:3   | Reached XP level 13. HP: 90/90 MP: 19/19
 15436 | Lair:3   | Noticed a five-headed hydra
 15444 | Lair:3   | Killed a five-headed hydra
 15597 | Lair:3   | Noticed a catoblepas
 15617 | Lair:3   | Slain by a catoblepas

Skill      XL: |  1  2  3  4  5  6  7  8  9 10 11 12 13 |
---------------+----------------------------------------+-----
Slings         | 6 7 8 9 10 11 13 15 16 18 | 18.7
Fighting       | 2 3 4 5 6 7 8 9 |  9.4
Dodging        | 3 4 5 7 8 9 10 11 | 11.1
Invocations    | 1 4 6 8 |  8.4
Stealth        | |  1.1

Action                   |  1- 3 |  4- 6 |  7- 9 | 10-12 | 13-15 || total
-------------------------+-------+-------+-------+-------+-------++-------
Melee: Short sword       |   122 |    26 |       |    40 |       ||   188
       Hunting sling     |       |       |       |     1 |       ||     1
 Fire: Hunting sling     |    17 |   228 |   424 |   704 |    85 ||  1458
Invok: Heroism           |       |       |       |    12 |     2 ||    14
  Use: Scroll            |       |     6 |    11 |     8 |       ||    25
       Potion            |       |       |     8 |     2 |       ||    10
 Stab: Sleeping          |     1 |       |       |       |       ||     1
  Eat: Chunk             |     3 |     8 |    10 |    10 |     2 ||    33
       Meat ration       |       |       |       |     1 |       ||     1
       Bread ration      |       |       |       |     1 |       ||     1
Armor: Leather armour    |    21 |    14 |    13 |    13 |       ||    61
Dodge: Dodged            |   106 |    61 |    51 |   157 |    10 ||   385
